Winsometimes, chaotic female sylph Priestess ------- ########################-.....| | --------------------------------- |...<.| |......- ###..-..|..|..-....-..|.(|..|..+....# |.....| - ----- # |.|..|..|..|....|..|..|.....)....###############......| +.----|-----....----|--+-----...| # ------- |....................)..........| |..-|-----+--......--|---|---...| ...|..|..| |.....{|....|...|...| |..|..|..| |......|..@.|...|...| |..----|-----......|..@.|...|...| |.............{....|....|...|...| |.-------.-------..|----------..| ..|.?.]|...|(((.-..|....|....|..| |.-..?.|...|(](.|.......|...[-..| |.|.?%!|...|(((.|..|....|....|..| |.---------------..-----------..| |...............................| --------------------------------- Winsometimes the Adept Experience level: 9 Strength: 16 Dexterity: 15 Constitution: 16 Intelligence: 19 Wisdom: 13 Charisma: 11 Health: 0(78) Energy: 100(100) Def: 7 Gold: 2974 Moves: 8681 Dungeon seed: AnFwDS3NHVLj-HCx Game ID: Winsometimes_1523738100 Your Inventory: Coins $ - 2974 gold pieces Amulets z - an uncursed amulet of reflection (being worn) Weapons a - a blessed +1 mace named Mace of Legend (weapon in hand) Armor e - an uncursed +0 robe (being worn) n - an uncursed +0 small shield (being worn) q - an uncursed +0 pair of speed boots (being worn) y - an uncursed +0 pair of gauntlets of dexterity (being worn) Y - an uncursed +0 dwarvish iron helm (being worn) Comestibles k - an uncursed food ration o - an uncursed food ration Scrolls c - an uncursed scroll of confuse monster l - an uncursed scroll of earth A - 3 uncursed scrolls of blank paper C - an uncursed scroll of magic mapping E - an uncursed scroll of enchant weapon I - a cursed scroll of water N - a blessed scroll of consecration Q - 2 uncursed scrolls of destroy armor R - 3 cursed scrolls of scare monster V - an uncursed scroll of create monster Spellbooks h - an uncursed spellbook of healing i - an uncursed spellbook of light K - an uncursed spellbook of jumping T - an uncursed spellbook of force bolt Potions x - 7 uncursed potions of water Rings d - an uncursed ring of regeneration j - a cursed ring of aggravate monster t - an uncursed ring of fire resistance H - a cursed ring of teleportation L - an uncursed +1 ring of gain constitution (on left hand) O - an uncursed ring of poison resistance U - a blessed +2 ring of increase accuracy (on right hand) Wands b - an uncursed wand of polymorph (0:8) f - an uncursed wand of polymorph (0:6) s - an uncursed wand of digging (0:4) u - an uncursed wand of nothing (0:7) w - an uncursed wand of magic missile (0:8) B - an uncursed wand of light (0:14) F - an uncursed wand of create monster (0:10) M - a cursed wand of digging (0:5) S - an uncursed wand of enlightenment (0:10) X - an uncursed wand of cancellation (0:7) Tools m - a cursed tin whistle r - an uncursed tooled horn D - an uncursed tin opener J - an uncursed stethoscope P - an uncursed magic whistle W - an uncursed oil lamp (0:535) Z - an uncursed -1 unicorn horn Spells and supernatural/magical abilities: Name Level Category Fail Memory a - force bolt 1 attack 0% 78% h - healing 1 healing 0% 57% i - invisibility 4 escape 87% 58% j - jumping 1 escape 0% 61% k - knock 1 matter 0% 68% l - light 1 divination 0% 57% p - protection 1 clerical 0% 96% w - wizard lock 2 matter 0% 71% B - cure blindness 2 healing 0% 57% W - pray for help -- divine ? -- X - turn undead -- divine ? -- Your skills at the end: Miscellaneous Skills shield [Basic] wands [Skilled] stealth [Expert] Weapon Skills mace [Skilled] Spellcasting Skills healing spells [Basic] clerical spells [Basic] Final Attributes: You were piously aligned. Your writing hand was a little cramped from use. You saw invisible. You were telepathic. You had infravision. You were displaced. You were very stealthy. You had a +2 bonus to hit. You were protected from shape changers. You were very fast. You had reflection. You are dead (2nd time!). Vanquished creatures: 2 ghosts 2 giant mimics 2 small mimics a tengu a wolf 2 quivering blobs a spotted jelly a lizard an iron piercer 2 gnome kings 2 orc mummies a gold golem a dog a housecat a jaguar 2 dwarf lords a blue jelly a white unicorn 3 dust vortices a raven 3 plains centaurs 2 gnome mummies 12 human zombies a rope golem a soldier ant a yellow light 10 bugbears an imp 8 Uruk-hai a rock mole a rock piercer 3 ponies a fog cloud a shrieker a violet fungus 7 gnome lords 2 gnomish wizards a kobold mummy a red naga hatchling a guardian naga hatchling 2 ghouls a paper golem 3 giant ants 4 floating eyes 9 dwarves 2 kobold lords a kobold shaman 2 iguanas a hill orc 11 rothes a centipede 3 jitterbugs 2 dwarf zombies a wererat a werejackal 3 killer bees 5 coyotes 2 gas spores 3 hobbits an acid blob 3 large kobolds 6 geckos 11 hobgoblins 3 giant rats a cave spider 3 brown molds 4 yellow molds 6 green molds 3 red molds 23 gnomes 3 garter snakes 18 manes 2 gnome zombies 12 jackals 2 foxes 4 kobolds 10 newts 5 goblins 6 sewer rats 8 grid bugs a bat 2 lichens 282 creatures vanquished. Genocided species: minotaurs 1 species genocided. Voluntary challenges: You did not cause conflict. You were not invisible. You did not have reflection until turn 5278. You had been an atheist until turn 7635. You used a wielded weapon 478 times, starting on turn 197. You did not use plumbed fixtures. You read items or engraved 43 times, starting on turn 72. You genocided 1 type of monster, starting on turn 6746. You never polymorphed an object. You never changed form. You cheated 1 time but completed Sokoban on turn 5201. You used no wishes. You never split a pudding. You wrote Elbereth's name 2 times, starting on turn 6519. You violated your moral code, losing 13 points of alignment, starting on turn 1333. Dungeon overview: The Dungeons of Doom: levels 1 to 14 Level 1 a long staircase Level 2 a scroll shop stairs to The Gnomish Mines Level 3 Level 4 a potion shop, some fountains Level 5 Level 6 Level 7 many fountains Level 8 a fountain stairs to Sokoban Level 9 Level 10 Level 11 Level 12 a fountain Level 13 portal to The Quest Level 14 The Gnomish Mines: levels 3 to 5 Level 3 stairs to The Dungeons of Doom Level 4 Level 5 <- You were here some shops, a temple to Crom, a magic chest, some fountains The Quest: Level 1 a temple to Moloch, a magic chest portal to The Dungeons of Doom Sokoban: levels 4 to 7 Level 4 a magic chest Level 5 Level 6 a fountain Level 7 a magic chest stairs to The Dungeons of Doom History has recorded: On T:1 you entered the Dungeons of Doom to retrieve the Amulet of Yendor! On T:451 you reached level 2 of The Dungeons of Doom. On T:873 you reached level 3 of The Dungeons of Doom. On T:974 you advanced to experience level 2. On T:1231 you reached level 4 of The Dungeons of Doom. On T:1302 you advanced to experience level 3. On T:1502 you reached level 5 of The Dungeons of Doom. On T:1656 you advanced to experience level 4. On T:1828 you reached level 6 of The Dungeons of Doom. On T:2109 you advanced to experience level 5. On T:2213 you reached level 7 of The Dungeons of Doom. On T:2470 you reached level 8 of The Dungeons of Doom. On T:2558 you advanced to experience level 6. On T:2726 you reached level 4 of Sokoban. On T:2775 you opened a magic chest. On T:2806 you were saved from death by your amulet of life saving! On T:3120 you reached level 3 of Sokoban. On T:3646 you reached level 2 of Sokoban. On T:4282 you advanced to experience level 7. On T:4298 you reached level 1 of Sokoban. On T:5201 you entered the Sokoban zoo. On T:5677 you reached level 9 of The Dungeons of Doom. On T:5891 you advanced to experience level 8. On T:5916 you reached level 10 of The Dungeons of Doom. On T:6139 you reached level 11 of The Dungeons of Doom. On T:6606 you reached level 12 of The Dungeons of Doom. On T:6778 you reached level 13 of The Dungeons of Doom. On T:6971 you reached level 1 of The Quest. On T:7136 you reached level 14 of The Dungeons of Doom. On T:7635 you prayed to Set. On T:7657 you reached level 1 of The Gnomish Mines. On T:7722 you advanced to experience level 9. On T:7918 you reached level 2 of The Gnomish Mines. On T:8213 you reached level 3 of The Gnomish Mines. On T:8335 you entered the Minetown temple Score breakdown: Gold: 2974 ( 297 points) Experience: 9 levels ( 800 points) Exploration: 14 levels ( 390 points) Discoveries: 55 items ( 2000 points) Variety of kills: 82 monsters ( 2000 points) Major goal: finished Sokoban ( 1000 points) Survival: died (score multiplied by 3) Total score: 19461 Latest messages: You feel less confused now. You hit the priest of Crom! The priest of Crom wields a mace! The mace welds itself to the priest of Crom's hand! The priest of Crom kicks! The priest of Crom casts a spell at you! You are frozen in place! The priest of Crom swings his mace at you. The priest of Crom hits you! The priest of Crom kicks! The priest of Crom points at you, then curses. You try to draw healing from your surroundings, but your edges cannot even feel the floor. The priest of Crom swings his mace at you. The priest of Crom hits you! The priest of Crom kicks! The priest of Crom casts a spell at you! You feel as if you need some help. The priest of Crom swings his mace at you. The priest of Crom hits you! You die... Final status: Goodbye Winsometimes the Priestess, killed by a priest of Crom, while paralyzed by a monster... You died in The Gnomish Mines on dungeon level 5 with 19461 points, and 2974 pieces of gold, after 8681 moves. You were level 9 with a maximum of 78 hit points when you died.